 Dungeon Crawl Stone Soup version 0.27-a0-633-gc6addc0a40 (webtiles) character file.

Game seed: 16171049365303146757

4048 jasper the Thaumaturge (level 10, -3/51 HPs)
             Began as a Spriggan Venom Mage on Mar 13, 2021.
             Was a Follower of Ashenzari.
             Slain by a two-headed ogre
             ... wielding a +0 giant club
              (20 damage)
             ... on level 9 of the Dungeon.
             The game lasted 00:23:39 (10840 turns).

jasper the Thaumaturge (Spriggan Venom Mage)       Turns: 10840, Time: 00:23:40

Health: -3/51      AC:  5    Str:  4    XL:     10   Next: 4%
Magic:  3/23       EV: 21    Int: 20    God:    Ashenzari [*.....]
Gold:   392        SH:  0    Dex: 16    Spells: 15/26 levels left

rFire    . . .     SeeInvis +   e - +0 hunting sling
rCold    . . .     Faith    .   (shield restricted)
rNeg     . . .     Spirit   .   a - +0 robe "Pangnostic Shame" {Elem, Evo} (curse)
rPois    .         Reflect  .   (helmet restricted)
rElec    .         Harm     .   z - +2 cloak of Ashenzari's Altruism {Stlth+, Elem, Fort} (curse)
rCorr    .         Rampage  .   (gloves unavailable)
Will     +....                  (boots unavailable)
Stlth    +++.......             (no amulet)
HPRegen  0.17/turn              (no ring)
MPRegen  0.18/turn              (no ring)

@: very quick
A: very small, no large weapons, unfitting armour, see invisible, speed 3
a: Renounce Religion, Curse Item, Shatter the Chains


You were on level 9 of the Dungeon.
You worshipped Ashenzari.
Ashenzari was aware of your devotion.
You visited 2 branches of the dungeon, and saw 10 of its levels.

You collected 392 gold pieces.

Inventory:

Hand Weapons
 c - a +0 dagger
 e - a +0 hunting sling (weapon)
 m - a +0 short sword
 o - a +1 short sword of draining
Missiles
 d - 64 sling bullets (quivered ammo)
 f - 114 stones
 n - 31 poisoned darts
Armour
 a - the cursed +0 robe "Pangnostic Shame" (worn) {Elem, Evo}

   It has a curse placed upon it.
 z - the cursed +2 cloak of Ashenzari's Altruism (worn) {Stlth+, Elem, Fort}
   (You took it off Crazy Yiuf on level 4 of the Dungeon)

   It has a curse placed upon it.
Jewellery
 y - a ring of fire
Wands
 g - a wand of iceblast (14)
Scrolls
 b - 2 scrolls of magic mapping
 h - a scroll of fog
 j - 6 scrolls of identify
 k - 2 scrolls of noise
 p - a scroll of immolation
 q - 2 scrolls of enchant weapon
 x - a scroll of fear
 A - a scroll of enchant armour
Potions
 i - 3 potions of mutation
 l - 2 potions of lignification
 r - 2 potions of magic
 s - a potion of berserk rage
 t - a potion of flight
 v - a potion of resistance
 w - a potion of might


   Skills:
 + Level 4.3 Fighting
 + Level 7.6 Dodging
 - Level 3.0 Stealth
 + Level 8.8 Spellcasting
 - Level 2.0 Conjurations
 - Level 6.1 Transmutations
 - Level 1.0(2.0) Fire Magic
 - Level 3.2(4.6) Air Magic
 - Level 8.0 Poison Magic


You had 15 spell levels left.
You knew the following spells:

 Your Spells              Type           Power      Damage    Failure   Level
a - Sting                 Tmut/Pois      100%       1d8       1%          1
b - Mephitic Cloud        Conj/Pois/Air  28%        N/A       3%          3
c - Ignite Poison         Fire/Tmut/Pois 30%        N/A       2%          3
d - Olgreb's Toxic Radia  Pois           40%        N/A       3%          4

Your spell library contained the following spells:

 Spells                   Type           Power      Damage    Failure   Level
 Poisonous Vapours        Pois/Air       68%        N/A       1%          2


Dungeon Overview and Level Annotations

Branches:
Dungeon (9/15)             Temple (1/1) D:4
   Lair: D:8-11         Orc: D:9-12

Altars:
Ashenzari
Cheibriados
Dithmenos
Elyvilon
Fedhas
Gozag
Hepliaklqana
Kikubaaqudgha
Makhleb
Nemelex Xobeh
Okawaru
Qazlal
Ru
Sif Muna
Trog
Uskayaw
Vehumet
Wu Jian
Xom
Yredelemnul
Zin

Shops:
D:4 (   D:6 (

Annotations:
D:7 Joseph, Maggie


Innate Abilities, Weirdness & Mutations

You are very small and have problems with some larger weapons.
You are too small for most types of armour.
You have supernaturally acute eyesight. (SInv)
You cover ground extremely quickly. (Speed+++)


Message History

The two-headed ogre closely misses you.
You take 12 damage, and have 13/45 hp.
MASSIVE DAMAGE!!
Your toxic aura wanes.
The vampire is engulfed in blazing flames.
You destroy the vampire!
You have reached level 10!
You feel clever.
There is a stone staircase leading up here.
Okay, then.
Found a +0 flail.
Casting: Olgreb's Toxic Radiance (dangerous; 3% risk of failure)
Confirm with . or Enter, or press ? or * to list all spells.
You begin to radiate toxic energy.
The two-headed ogre looks even sicker.
The scorpion is poisoned.
You now have 5/23 mp.
The scorpion looks even sicker.
The scorpion looks even sicker.
You kill the scorpion!
You feel your dexterity returning.
Your toxic aura wanes.
An orc comes into view. It is wielding a +0 short sword.
There is a stone staircase leading up here.
Casting: Olgreb's Toxic Radiance (dangerous; 3% risk of failure)
Confirm with . or Enter, or press ? or * to list all spells.
You ignite the poison in your surroundings!
The two-headed ogre seems to burn from within!
The two-headed ogre is severely wounded.
You now have 3/23 mp.
Fire: 65 sling bullets
Press: ? - help, Q - select action, (/) - cycle Shift-Dir - straight line, f - two-headed ogre
Aim: a two-headed ogre, wielding two +0 giant clubs (severely wounded, 76% to hit)
You shoot a sling bullet.
The sling bullet hits the two-headed ogre.
The two-headed ogre is severely wounded.
An orc priest comes into view. It is wielding a +0 flail.
The orc throws a boomerang.
The boomerang closely misses you.
An orc priest comes into view. It is wielding a +0 dagger.
The orc throws a boomerang.
The boomerang misses you.
The two-headed ogre hits you with a +0 giant club!!
You die...

... ..... #### .o..
#..###..#####
o...###..##..##..#
..o....(.#.......#
................#..#
....#...>....#######
#....#....<...#
...#.#........#
##.##.....@..##
#.........O###
#........W..#
..(..##...........#
.................##
..[. .#.........#
.... #.........#
.#.#.#.#.........##
............##....#


You could see a two-headed ogre, a phantom, 2 orc priests and an orc.

Vanquished Creatures
  Harold (D:7)
  Sigmund (D:6)
  A vampire (D:9)
  Menkaure (D:6)
  Edmund (D:6)
  Duvessa (D:6)
  A sky beast (D:5)
  3 orc warriors
  A black bear (D:6)
  An ice beast (D:7)
  A necrophage (D:9)
  3 ogres
  A centaur (D:8)
  A phantom (D:8)
  A bullfrog (D:7)
  A water moccasin skeleton (D:8)
  Dowan (D:6)
  4 scorpions
  5 killer bees (D:8)
  3 wights (D:6)
  3 howler monkeys
  2 bullfrog zombies
  2 quasits
  A jelly (D:5)
  A centaur skeleton (D:4)
  2 orc priests
  Crazy Yiuf (D:4)
  A bullfrog skeleton (D:6)
  Terence (D:2)
  6 orc wizards
  3 worker ants
  A hound zombie (D:7)
  6 gnolls
  A howler monkey skeleton (D:4)
  9 adders
  A shadow imp (D:5)
  An ooze (D:2)
  An adder skeleton (D:6)
  4 worms
  5 dart slugs
  3 leopard geckos
  19 orcs
  7 bats
  7 giant cockroaches
  6 goblins
  11 hobgoblins
  11 jackals
  4 quokkas
  3 ball pythons
  7 frilled lizards
  11 kobolds
  2 leopard gecko skeletons
  A quokka skeleton (D:3)
  A quokka zombie (D:8)
  14 rats
192 creatures vanquished.

Vanquished Creatures (others)
  A jackal (D:9)
  2 plants (D:4)
3 creatures vanquished.

Grand Total: 195 creatures vanquished

Notes
Turn   | Place    | Note
-------+----------+-------------------------------------------
     0 | D:1      | jasper the Spriggan Venom Mage began the quest for the Orb.
     0 | D:1      | Reached XP level 1. HP: 9/9 MP: 5/5
   397 | D:1      | Reached XP level 2. HP: 13/13 MP: 4/6
   960 | D:1      | Reached XP level 3. HP: 16/16 MP: 6/8
   964 | D:1      | Learned a level 3 spell: Mephitic Cloud
  1463 | D:2      | You fall into a shaft and drop 1 floor!
  1463 | D:3      | Found a broken altar of Ashenzari.
  1574 | D:3      | Became a worshipper of Ashenzari the Shackled
  1702 | D:3      | Reached XP level 4. HP: 21/21 MP: 4/9
  2164 | D:2      | Noticed Terence
  2182 | D:2      | Killed Terence
  2323 | D:2      | Reached XP level 5. HP: 24/24 MP: 8/10
  2327 | D:2      | Learned a level 3 spell: Ignite Poison
  2574 | D:2      | Found a bloodstained altar of Trog.
  2582 | D:2      | Reached skill level 5 in Transmutations
  2759 | D:2      | Found an ornate altar of the Wu Jian Council.
  3141 | D:2      | Reached skill level 5 in Poison Magic
  3886 | D:3      | Found a white marble altar of Elyvilon.
  4246 | D:3      | Reached XP level 6. HP: 19/28 MP: 5/11
  4558 | D:4      | Found a snail-covered altar of Cheibriados.
  5012 | D:4      | Found a staircase to the Ecumenical Temple.
  5080 | D:4      | Found a runed translucent door.
  5081 | D:4      | Noticed Crazy Yiuf
  5189 | D:4      | Found Tilo's Antique Weapon Emporium.
  5789 | D:4      | Killed Crazy Yiuf
  5899 | Temple   | Entered the Ecumenical Temple
  6144 | D:5      | Entered Level 5 of the Dungeon
  6160 | D:5      | Reached * piety under Ashenzari
  6218 | D:5      | Found an opulent altar of Gozag.
  6254 | D:5      | Reached skill level 1 in Fire Magic
  6254 | D:5      | Reached skill level 1 in Air Magic
  6254 | D:5      | Reached XP level 7. HP: 32/32 MP: 8/12
  6346 | D:5      | Reached skill level 1 in Conjurations
  6352 | D:5      | Learned a level 4 spell: Olgreb's Toxic Radiance
  7026 | D:6      | Noticed Duvessa
  7026 | D:6      | Noticed Dowan
  7031 | D:6      | Found Kyshryivi's Weapon Emporium.
  7038 | D:6      | Killed Dowan
  7038 | D:6      | Killed Duvessa
  7226 | D:6      | Reached XP level 8. HP: 36/36 MP: 1/13
  7623 | D:6      | Noticed Edmund
  7674 | D:6      | Killed Edmund
  8055 | D:6      | Noticed Menkaure
  8060 | D:6      | Killed Menkaure
  8092 | D:6      | Noticed Sigmund
  8149 | D:6      | Killed Sigmund
  8150 | D:6      | Reached skill level 5 in Spellcasting
  8222 | D:6      | Found a shimmering altar of Xom.
  8523 | D:6      | Found a hazy altar of Hepliaklqana.
  8555 | D:6      | Reached skill level 1 in Fighting
  8865 | D:6      | Reached XP level 9. HP: 41/41 MP: 11/19
  9126 | D:7      | Found a radiant altar of Vehumet.
  9127 | D:7      | Noticed Harold
  9136 | D:7      | Killed Harold
  9137 | D:7      | Reached skill level 5 in Dodging
  9137 | D:7      | Noticed Maggie
  9148 | D:7      | Noticed Joseph
  9215 | D:7      | Found a sparkling altar of Nemelex Xobeh.
  9913 | D:8      | Found a glowing silver altar of Zin.
  9989 | D:8      | Found a blossoming altar of Fedhas.
 10385 | D:8      | Found a sacrificial altar of Ru.
 10808 | D:9      | Noticed a two-headed ogre
 10817 | D:9      | Reached XP level 10. HP: 14/50 MP: 8/23
 10840 | D:9      | Slain by a two-headed ogre

Illustrated notes

Levels and vault maps discovered:
D:1:      dpeg_arrival_ratfight, layout_loops_cross
D:2:      layout_basic, lemuel_crystal_altar, lemuel_doored_altar, uniq_terence
D:3:      layout_basic, elyvilon_altar_1, evilmike_ruin_ashenzari
D:4:      layout_basic, overflow_temple_1_default,
          minmay_temple_entry_overgrown, serial_shops, kennysheep_mini,
          corexii_corridor_pit, uniq_crazy_yiuf_cottage
D:5:      layout_cave_pools, basic_altar, nrook_mini_vaults
D:6:      layout_gridville, general_overflow_altar, xom_teletrap_fun,
          serial_shops, shop, uniq_edmund, uniq_sigmund, uniq_menkaure,
          uniq_duvessa
D:7:      layout_rooms, nemelex_xobeh_ov_fountains_minmay, lemuel_round_altar,
          hangedman_decor_slide_cut, uniq_joseph, uniq_harold, uniq_maggie
D:8:      layout_basic, nicolae_overflow_hidden_temple,
          nicolae_overflow_crystal_walls, kennysheep_little_box,
          minmay_crossroads
D:9:      minmay_bloctagon, layout_cave_pools, tso_metal_star, lair_entry_dummy,
          serial_shops, nicolae_shop_crystal, st_stairs_12, minmay_starry_boxes
Temple:   jpeg_temple_island

Skill      XL: |  1  2  3  4  5  6  7  8  9 |
---------------+----------------------------+-----
Transmutations | 2 3 4 5 6 |  6.1
Poison Magic   | 4 5 6 7 8 |  8.0
Fire Magic     | 1 |  1.0
Air Magic      | 1 3 |  3.2
Conjurations   | 2 |  2.0
Spellcasting   | 6 8 |  8.8
Dodging        | 4 7 |  7.6
Fighting       | 1 4 |  4.3
Stealth        | |  3.0

Action                   |  1- 3 |  4- 6 |  7- 9 | 10-12 || total
-------------------------+-------+-------+-------+-------++-------
 Fire: Hunting sling     |    49 |   130 |   156 |     1 ||   336
 Cast: Sting             |    68 |   135 |    65 |       ||   268
       Mephitic Cloud    |       |     1 |    24 |       ||    25
       Ignite Poison     |       |       |    30 |     1 ||    31
       Olgreb's Toxic Ra |       |       |    26 |     1 ||    27
Invok: Curse Item        |       |     2 |       |       ||     2
Evoke: Wand              |       |       |     5 |       ||     5
  Use: Potion            |       |     2 |       |       ||     2
       Scroll            |       |     1 |     3 |       ||     4
Armor: Robe              |     2 |     4 |    23 |       ||    29
Dodge: Dodged            |    26 |    64 |   141 |     2 ||   233

Table legend: (Time is in decaauts)
 A = Elapsed time spent in this place.
 B = Non-inter-level travel time spent in this place.
 C = Inter-level travel time spent in this place.
 D = Time resting spent in this place.
 E = Time spent auto-exploring this place.
 F = Levels seen in this place.
 G = Mean time per level.
                   A        B        C        D        E       F      G
               +--------+--------+--------+--------+--------+-----+--------+
         Total |   8941 |   8734 |    207 |   1988 |   5289 |  10 |  894.1 |
       Dungeon |   8758 |   8557 |    201 |   1988 |   5112 |   9 |  973.1 |
        Temple |    183 |    178 |      5 |      0 |    176 |   1 |  183.0 |
               +--------+--------+--------+--------+--------+-----+--------+

Top non-repeatable levels by time:
     D:3: 1700 daAuts
     D:6: 1451 daAuts
     D:5: 1233 daAuts
     D:2: 1133 daAuts
     D:1: 1122 daAuts
     D:8: 1091 daAuts
     D:4: 809 daAuts
  Temple: 183 daAuts
     D:7: 147 daAuts
     D:9: 68 daAuts
